 Dungeon Crawl Stone Soup version 0.29.1-15-g9cfb28693d (webtiles) character file.

Game seed: 253187075583561216

9 Mickster the Chopper (level 2, 0/27 HPs)
             Began as a Hill Orc Berserker on Apr 29, 2023.
             Was a Follower of Trog.
             Succumbed to an adder's poison
             ... on level 2 of the Dungeon.
             The game lasted 00:02:20 (537 turns).

Mickster the Chopper (Hill Orc Berserker)            Turns: 537, Time: 00:02:21

Health: 0/27       AC:  2    Str: 19    XL:     2   Next: 12%
Magic:  2/2        EV: 12    Int:  7    God:    Trog [*.....]
Gold:   10         SH:  0    Dex: 10    Spells: 1/1 levels left

rFire   . . .      SeeInvis +   a - +0 hand axe
rCold   . . .      Faith    .   (no shield)
rNeg    . . .      Spirit   .   b - +0 animal skin
rPois   .          Reflect  .   (no helmet)
rElec   .          Harm     .   (no cloak)
rCorr   .          Rampage  .   (no gloves)
Will    .....                   (no boots)
Stlth   +.........              (no amulet)
HPRegen 0.09/turn               e - ring of see invisible
MPRegen 0.08/turn               (no ring)

@: lethally poisoned (0 -> -4)
A: no striking features
a: Renounce Religion, Berserk


You were on level 2 of the Dungeon.
You worshipped Trog.
Trog was aware of your devotion.
You visited 1 branch of the dungeon, and saw 2 of its levels.

You collected 10 gold pieces.

Inventory:

Hand Weapons
 a - a +0 hand axe (weapon)
Armour
 b - a +0 animal skin (worn)
Jewellery
 e - a ring of see invisible (left hand)
Potions
 c - a potion of berserk rage {unknown}


   Skills:
 + Level 3.9 Fighting
 + Level 4.4 Axes
 + Level 2.2 Armour
 + Level 1.6 Dodging


You had one spell level left.
You didn't know any spells.
Your spell library was empty.

Dungeon Overview and Level Annotations

Branches:
Dungeon (2/15)

Altars:


Message History

The adder hisses angrily.
The adder moves out of view.
Found the +1 Delatra's gloves {ID++}.
You miss the adder. The adder bites you.
You hit the adder but do no damage. The adder barely misses you.
The adder bites you.
You closely miss the adder. The adder barely misses you.
You completely miss the adder. The adder barely misses you.
You closely miss the adder. The adder bites you. The adder barely misses you.
You hit the adder.
The adder is lightly wounded.
The adder bites you.
You are poisoned.
The adder poisons you!
You hit the adder but do no damage.
The adder is lightly wounded.
You feel sick. The adder barely misses you. The adder bites you.
You are more poisoned.
The adder poisons you!
You closely miss the adder.
The adder is lightly wounded.
You feel very sick. The adder barely misses you.
You hit the adder.
The adder is lightly wounded.
You feel sick. The adder bites you.
* * * LOW HITPOINT WARNING * * *
You hit the adder.
The adder is severely wounded.
* * * LOW HITPOINT WARNING * * *
You feel sick. The adder bites you.
* * * LOW HITPOINT WARNING * * *
The adder closely misses you.
You miss the adder.
The adder is severely wounded.
* * * LOW HITPOINT WARNING * * *
You feel sick. The adder bites you but does no damage.
You barely miss the adder.
The adder is severely wounded.
You die...

#≈### ....
#####≈..####.....
#....≈.~.........
##>###≈....##.###
...##.≈~..##.#
#.....≈.....#
#..##.≈#..##.# #.
##...## .# #
#@### # #S.......
#..#####[ #..#
#..# ...# #.##
#.#


You could see an adder.

Vanquished Creatures
  A dart slug (D:1)
  A ball python (D:1)
  A hobgoblin (D:1)
  2 quokkas (D:1)
  A kobold (D:1)
6 creatures vanquished.

Notes
Turn   | Place    | Note
-------+----------+-------------------------------------------
     0 | D:1      | Mickster the Hill Orc Berserker began the quest for the
                  | Orb.
     0 | D:1      | Reached XP level 1. HP: 19/19 MP: 1/1
    83 | D:1      | Reached XP level 2. HP: 11/27 MP: 2/2
   506 | D:1      | Found a faded altar of an unknown god.
   510 | D:1      | You fall into a shaft and drop 1 floor!
   525 | D:2      | Found the +1 Delatra's gloves {ID++}
   536 | D:2      | HP: 1/27 [poisoned by an adder]
   537 | D:2      | Succumbed to an adder's poison

Illustrated notes

Levels and vault maps discovered:
D:1:      amcnicky_arrival_gap_in_the_tavern_cellar, layout_rooms,
          hellmonk_ecumenical_altar_leap_of_faith, serial_aquarium,
          aquarium_bridge_square [aquarium_subvault_bridge,
          aquarium_subvault_balcony, aquarium_subvault_bridge,
          aquarium_subvault_bridge], aquarium_window_corner,
          aquarium_window_fake, aquarium_window_1, aquarium_window_1,
          aquarium_view_2c, aquarium_balcony_5b, aquarium_pool_S
D:2:      layout_loops_ring, chequers_serial_rivers_micro_e, st_stairs_4,
          hangedman_decor_slide_cut, minmay_split_cup_small

Action                   || total
-------------------------++-------
Melee: Hand axe          ||    28
       Punch             ||     1
  Use: Potion            ||     2
Armor: Animal skin       ||     2
Dodge: Dodged            ||    17
